 Dungeon Sprint DCSS version 0.17.2-1-ge4368a0 (webtiles) character file.

7319 mopl the Unseen (level 10, -14/57 HPs)
             Began as a Spriggan Assassin on Aug 22, 2016.
             Was a High Priest of Trog.
             Shot with a bolt by a yaktaur (27 damage)
             ... in the Dungeon (Sprint III: "The Ten Rune Challenge").
             The game lasted 00:02:57 (585 turns).

mopl the Unseen (Spriggan Assassin)                  Turns: 585, Time: 00:02:57

Health: -14/57     AC:  3    Str:  6 (7)  XL:     10   Next: 90%
Magic:  11/11      EV: 17    Int: 12      God:    Trog [*****.]
Gold:   34         SH:  0    Dex: 22      Spells: 0 memorised, 9 levels left

rFire  + . .     SeeInvis +     a - +2 dagger
rCold  . . .     Clarity  .     c - +0 robe
rNeg   . . .     SustAt   .     (shield restricted)
rPois  +         Gourm    .     (helmet restricted)
rElec  .         Spirit   .     d - +0 cloak
rCorr  .         Warding  .     (gloves unavailable)
rMut   .         NoTele   +     (boots unavailable)
MR     +....                    (no amulet)
Stlth  +++++++++.               (no ring)
                                (no ring)

@: flying, very quick, somewhat resistant to hostile enchantments, incredibly
stealthy
A: unfitting armour, talons 1, see invisible, breathe flames 1, deterioration 2,
fire resistance 1, herbivore 3, speed 3, sense surroundings 1, poison
resistance, slow metabolism 2, MP-powered wands
a: Berserk, Trog's Hand, Brothers in Arms, Burn Spellbooks, Renounce Religion,
Breathe Fire


You were in the Dungeon.
You worshipped Trog.
Trog was extremely pleased with you.
You were not hungry.

You visited 1 branch You collected 34 gold pieces.

Inventory:

Hand Weapons
 a - a +2 dagger (weapon)
 b - a +0 blowgun
 w - a +4 scimitar of flaming
Missiles
 e - 8 poisoned needles
 f - 8 curare-tipped needles
 h - 7 needles of confusion
 x - 3 poisoned tomahawks (quivered)
 y - 5 needles of frenzy
Armour
 c - a +0 robe (worn)
 d - a +0 cloak (worn)
Scrolls
 m - a scroll of blinking
 o - a scroll of immolation {unknown}
 p - 4 scrolls of identify
 q - 3 scrolls of remove curse
 u - a scroll of holy word {unknown}
Potions
 i - a potion of heal wounds
 j - a potion of haste
 k - 2 potions of magic
 l - 2 potions of berserk rage {!q}
 n - a potion of might
 s - 5 potions of cure mutation {!q}
 t - 2 potions of flight
Miscellaneous
 v - a phantom mirror
Comestibles
 g - a bread ration
 r - 3 royal jellies


   Skills:
 + Level 8.9 Fighting
 + Level 11.4 Short Blades
 * Level 16.6 Throwing
 - Level 1.5 Dodging
 + Level 20.3 Stealth


You had 9 spell levels left.
You didn't know any spells.

Dungeon Overview and Level Annotations

Branches:
Dungeon (1/1)

Altars:
Cheibriados
Dithmenos
Elyvilon
Fedhas
Gozag
Kikubaaqudgha
Makhleb
Nemelex Xobeh
Okawaru
Qazlal
Ru
Sif Muna
Trog
Vehumet
Xom
Yredelemnul
Zin
The Shining One
Jiyva
Lugonu


Innate Abilities, Weirdness & Mutations

You are tiny and cannot use many weapons and most armour.
You have supernaturally acute eyesight.
You are a herbivore.
You cover ground extremely quickly.
You need consume almost no food.
You have sharp toenails.
You can breathe flames.
Your body often deteriorates upon taking damage.
Your flesh is heat resistant.
You passively map a small area around you.
Your system is resistant to poisons.
You expend magic power (3 MP) to strengthen your wands.


Message History

Okay, then.
You open the door.
There is an open door here.
Drink which item? (? for menu, Esc to quit)
You feel very buoyant.
You fly up into the air.
An orc priest and an orc high priest come into view. 2 yaktaurs and a yaktaur captain come into view.
The yaktaur shouts! x2
A yaktaur comes into view.
The yaktaur wields an arbalest.
The yaktaur shoots a steel bolt.
The steel bolt hits you!
Your body deteriorates!
You feel weakened.
You hear a sizzling splash.
The yaktaur wields an arbalest.
The yaktaur shoots a bolt.
The bolt hits you!!
Ouch! That really hurt!
* * * LOW HITPOINT WARNING * * *
You hear a sizzling splash.
The yaktaur wields an arbalest.
The yaktaur shoots a bolt.
The bolt hits you!!
You die...

§#...#)).##.#.#.# ,
▓▓▓▓▓▓▓▓▓#.#.#.#, ,
* ,
...≈≈≈...##.#.#.#*,
, , *
≈≈≈≈≈♣♣P.+.#.#.#.#
,,
♣♣♣♣♣♣♣PP##.#.#.##
*** ♣♣♣##'########
* ** #...'.≈≈≈≈# ≈
≈ ≈≈ , ,#...#.≈≈≈≈#
≈ ≈ ≈≈ , *
#).)#.#@≈≈# ≈ ≈ *
#####.#c≈≈≈# , , ,
,P.###≈≈≈≈≈≈ * ,


PPP#, c≈≈≈≈≈ ≈ .oPP# *#≈≈≈≈ * ...oP# ,*c≈≈≈ #+##### #≈≈ + c# ** * * You could
see a yaktaur captain (wandering) and 3 yaktaurs.

Vanquished Creatures
  Sigmund (D)
  Erica (D)
  A centaur warrior (D)
  2 unseen horrors (D)
  Edmund (D)
  A deep elf priest (D)
  A shadow (D)
  A spatial vortex (D)
  A wandering mushroom (D)
  A necrophage (D)
  2 centaurs (D)
  An earth elemental (D)
  A water elemental (D)
  A wizard (D)
  A jelly (D)
  A wolf (D)
  A necromancer (D)
  3 humans (D)
  A kobold demonologist (D)
  4 rats (D)
27 creatures vanquished.

Vanquished Creatures (others)
  2 draconian scorchers (D)
  2 yaktaurs (D)
  2 fire drakes (D)
  3 plants (D)
9 creatures vanquished.

Grand Total: 36 creatures vanquished

Notes
Turn   | Place    | Note
--------------------------------------------------------------
     0 | D        | mopl the Spriggan Assassin began the quest for the Orb.
     0 | D        | Reached XP level 1. HP: 10/10 MP: 2/2
     9 | D        | Reached skill level 6 in Stealth
    33 | D        | Noticed a wolf
    36 | D        | Killed a wolf
    36 | D        | Reached skill level 4 in Throwing
    36 | D        | Reached skill level 8 in Stealth
    36 | D        | Reached XP level 2. HP: 14/14 MP: 3/3
    64 | D        | Reached skill level 5 in Throwing
    64 | D        | Reached skill level 9 in Stealth
    64 | D        | Reached XP level 3. HP: 11/18 MP: 4/4
   178 | D        | Gained mutation: You can breathe flames. [potion of mutation]
   178 | D        | Gained mutation: Your body sometimes deteriorates upon taking damage. [potion of mutation]
   178 | D        | Gained mutation: You passively map a small area around you. [potion of mutation]
   179 | D        | Gained mutation: Your flesh is heat resistant. [potion of mutation]
   179 | D        | Gained mutation: Your body often deteriorates upon taking damage. [potion of mutation]
   180 | D        | Gained mutation: Your system is resistant to poisons. [potion of mutation]
   180 | D        | Gained mutation: You have sharp toenails. [potion of mutation]
   180 | D        | Gained mutation: You expend magic power (3 MP) to strengthen your wands. [potion of mutation]
   186 | D        | Noticed a water elemental
   189 | D        | Killed a water elemental
   189 | D        | Reached skill level 6 in Throwing
   189 | D        | Reached skill level 11 in Stealth
   189 | D        | Reached XP level 4. HP: 22/22 MP: 5/5
   195 | D        | Found an iron altar of Okawaru.
   196 | D        | Found a bloodstained altar of Trog.
   196 | D        | Noticed a human
   196 | D        | Noticed a human
   198 | D        | Killed a human
   198 | D        | Reached skill level 8 in Throwing
   198 | D        | Reached skill level 13 in Stealth
   198 | D        | Reached XP level 5. HP: 25/25 MP: 6/6
   199 | D        | Killed a human
   199 | D        | Reached skill level 10 in Throwing
   199 | D        | Reached skill level 15 in Stealth
   199 | D        | Reached XP level 6. HP: 30/30 MP: 7/7
   205 | D        | Became a worshipper of Trog the Wrathful
   208 | D        | Killed a yaktaur
   211 | D        | Found a glowing silver altar of Zin.
   212 | D        | Found a glowing golden altar of the Shining One.
   212 | D        | Found a white marble altar of Elyvilon.
   212 | D        | Noticed a deep elf priest
   213 | D        | Killed a fire drake
   214 | D        | Killed a deep elf priest
   214 | D        | Reached skill level 3 in Fighting
   214 | D        | Reached skill level 4 in Short Blades
   214 | D        | Reached skill level 11 in Throwing
   214 | D        | Reached XP level 7. HP: 33/36 MP: 8/8
   226 | D        | Found a basalt altar of Yredelemnul.
   226 | D        | Found a snail-covered altar of Cheibriados.
   226 | D        | Found a blossoming altar of Fedhas.
   226 | D        | Noticed a necrophage
   226 | D        | Noticed a necromancer
   228 | D        | Killed a necrophage
   228 | D        | Reached skill level 16 in Stealth
   229 | D        | Killed a necromancer
   229 | D        | Reached * piety under Trog
   243 | D        | Found a radiant altar of Vehumet.
   244 | D        | Found a deep blue altar of Sif Muna.
   244 | D        | Found an ancient bone altar of Kikubaaqudgha.
   244 | D        | Noticed a wizard
   245 | D        | Killed a wizard
   247 | D        | Reached ** piety under Trog
   247 | D        | Reached skill level 5 in Short Blades
   249 | D        | Reached *** piety under Trog
   271 | D        | Noticed a jelly
   272 | D        | Noticed a shadow
   274 | D        | Killed a shadow
   274 | D        | Reached skill level 4 in Fighting
   278 | D        | Killed a jelly
   278 | D        | Reached **** piety under Trog
   283 | D        | Found a stormy altar of Qazlal.
   284 | D        | Found a sacrificial altar of Ru.
   284 | D        | Found a burning altar of Makhleb.
   284 | D        | Found a viscous altar of Jiyva.
   284 | D        | Found a shimmering altar of Xom.
   284 | D        | Found a shadowy altar of Dithmenos.
   284 | D        | Found a sparkling altar of Nemelex Xobeh.
   284 | D        | Found a corrupted altar of Lugonu.
   284 | D        | Found an opulent altar of Gozag.
   284 | D        | Noticed a spatial vortex
   290 | D        | Killed a spatial vortex
   290 | D        | Reached skill level 12 in Throwing
   290 | D        | Reached XP level 8. HP: 42/42 MP: 9/9
   302 | D        | Noticed Erica
   304 | D        | Killed Erica
   304 | D        | Reached skill level 5 in Fighting
   304 | D        | Reached skill level 7 in Short Blades
   304 | D        | Reached skill level 13 in Throwing
   304 | D        | Reached skill level 17 in Stealth
   310 | D        | Noticed an earth elemental
   313 | D        | Killed an earth elemental
   318 | D        | Noticed a centaur
   318 | D        | Noticed a centaur warrior
   318 | D        | Noticed a centaur
   320 | D        | Killed a centaur
   322 | D        | Killed a centaur warrior
   322 | D        | Received a gift from Trog
   322 | D        | Reached skill level 6 in Fighting
   322 | D        | Reached skill level 8 in Short Blades
   322 | D        | Reached skill level 18 in Stealth
   322 | D        | Reached XP level 9. HP: 47/49 MP: 10/10
   323 | D        | Killed a centaur
   323 | D        | Reached ***** piety under Trog
   323 | D        | Reached skill level 14 in Throwing
   323 | D        | Killed a fire drake
   337 | D        | Noticed an unseen horror
   337 | D        | Noticed an unseen horror
   338 | D        | Killed an unseen horror
   338 | D        | Received a gift from Trog
   338 | D        | Reached skill level 9 in Short Blades
   340 | D        | Killed an unseen horror
   340 | D        | Reached skill level 7 in Fighting
   346 | D        | Killed a yaktaur
   347 | D        | Noticed a wandering mushroom
   351 | D        | Noticed a wandering mushroom
   353 | D        | Noticed a wandering mushroom
   358 | D        | Killed a white draconian scorcher
   374 | D        | Killed a wandering mushroom
   376 | D        | Killed a white draconian scorcher
   567 | D        | Noticed Sigmund
   567 | D        | Noticed Edmund
   571 | D        | Killed Sigmund
   571 | D        | Received a gift from Trog
   571 | D        | Reached skill level 8 in Fighting
   571 | D        | Reached skill level 11 in Short Blades
   571 | D        | Reached skill level 16 in Throwing
   571 | D        | Reached skill level 20 in Stealth
   571 | D        | Reached XP level 10. HP: 54/57 MP: 11/11
   572 | D        | Killed Edmund
   583 | D        | Noticed an orc priest
   583 | D        | Noticed an orc high priest
   584 | D        | Noticed a yaktaur captain
   584 | D        | Noticed a yaktaur
   584 | D        | Noticed a yaktaur
   585 | D        | Noticed a yaktaur
   585 | D        | Shot with a bolt by a yaktaur

Action                   |  1- 3 |  4- 6 |  7- 9 | 10-12 || total
-------------------------+-------+-------+-------+-------++-------
Melee: Dagger            |     8 |     3 |    22 |     1 ||    34
 Fire: Blowgun           |     9 |       |       |       ||     9
Throw: Tomahawk          |       |       |     3 |       ||     3
Invok: Burn Spellbooks   |       |       |     1 |       ||     1
       Berserk           |       |       |     1 |       ||     1
       Trog's Hand       |       |       |     1 |       ||     1
  Use: Potion            |     3 |       |     1 |     1 ||     5
 Stab: Sleeping          |     5 |     3 |    15 |     1 ||    24
